 Dungeon Crawl Stone Soup version 0.18-a0-1532-g2212f85 (webtiles) character file.

87 Svalin the Cudgeler (level 4, 0/39 HPs)
             Began as a Minotaur Fighter on Mar 8, 2016.
             Was an Initiate of Okawaru.
             Slain by a goblin (1 damage)
             ... on level 2 of the Dungeon.
             The game lasted 00:03:55 (2269 turns).

Svalin the Cudgeler (Minotaur Fighter)              Turns: 2269, Time: 00:03:55

Health: 0/39       AC:  6    Str: 25    XL:     4   Next: 28%
Magic:  3/3        EV:  7    Int:  5    God:    Okawaru [......]
Gold:   117        SH: 10    Dex: 11    Spells: 0 memorised, 3 levels left

rFire  . . .     SeeInvis .     a - +0 flail
rCold  . . .     Gourm    .     b - +0 scale mail
rNeg   . . .     Faith    .     c - +0 shield
rPois  .         Spirit   .     (helmet restricted)
rElec  .         Dismiss  .     (no cloak)
rCorr  .         Reflect  .     (no gloves)
SustAt .         Harm     .     (no boots)
MR     .....                    (no amulet)
Stlth  +.........               (no ring)
                                q - ring of stealth

@: mighty, lethally poisoned (0 -> -2), not resistant to hostile enchantments,
very unstealthy
A: retaliatory headbutt, horns 2
a: Renounce Religion


You were on level 2 of the Dungeon.
You worshipped Okawaru.
Okawaru was noncommittal.
You were not hungry.

You visited 1 branch of the dungeon, and saw 2 of its levels.

You collected 117 gold pieces.

Inventory:

Hand Weapons
 a - a +0 flail (weapon)
Armour
 b - a +0 scale mail (worn)
 c - a +0 shield (worn)
Jewellery
 p - an uncursed ring of ice
 q - a ring of stealth (left hand)
Scrolls
 g - a scroll of magic mapping {unknown}
 h - 2 scrolls of teleportation {unknown}
 j - a scroll of amnesia {unknown}
 k - 2 scrolls of remove curse {unknown}
 l - 3 scrolls of identify {unknown}
 s - a scroll of recharging {unknown}
Potions
 e - 2 potions of lignification {unknown}
 i - a potion of cure mutation {unknown}
 m - a potion of haste {unknown}
 r - 3 potions of curing {unknown}
 t - a potion of heal wounds {unknown}
Books
 u - a book of the Dragon

   Spells                             Type                      Level
   a - Flame Tongue                   Conjuration/Fire             1
   b - Cause Fear                     Hexes                        4
   c - Bolt of Fire                   Conjuration/Fire             6
   d - Dragon Form                    Transmutation                7
   e - Dragon's Call                  Summoning                    9
Comestibles
 f - 2 bread rations
 n - a slice of pizza


   Skills:
 - Level 3.6 Fighting
 + Level 5.5 Maces & Flails
 - Level 3.6 Armour
 - Level 3.6 Shields


You had 3 spell levels left.
You didn't know any spells.

Dungeon Overview and Level Annotations

Branches:
Dungeon (2/15)

Altars:
Fedhas
Okawaru
Qazlal

Annotations:
D:2 Robin


Innate Abilities, Weirdness & Mutations

You reflexively headbutt those who attack you in melee.
You have a pair of horns on your head.


Message History

The goblin barely misses you.
Robin hits you with a trident of piercing.
You see here a dagger.
You barely miss Robin.
You feel sick.
The goblin hits you but does no damage. x2
You block Robin's attack.
You hit Robin but do no damage. The goblin hits you but does no damage.
You block the goblin's attack. The goblin hits you but does no damage.
The goblin hits you.
You sock Robin!
Robin is heavily wounded.
Robin hits you with a trident of piercing.
* * * LOW HITPOINT WARNING * * *
x2 You block the goblin's attack.
The goblin hits you.
* * * LOW HITPOINT WARNING * * *
Drink which item? (? for menu, Esc to quit)
You feel very mighty all of a sudden.
Robin hits you with a trident of piercing.
* * * LOW HITPOINT WARNING * * *
x2 The goblin hits you.
You die...

###########
#.........#
#(######... #.#
###.... #.# #......
##########.# #.#....
#gg@g)...(.###.##...
#gg#######.<.......#
♣.g ####....<....#
♣.. #.............
#.# ########.##...
.♣ #.##).# .#
##.##... ♣
####..##.##
#........##


You could see Robin and 5 goblins.

Vanquished Creatures
  3 adders (D:2)
  An ooze (D:2)
  A worm (D:2)
  2 dart slugs
  2 giant geckos
  3 bats
  A giant cockroach (D:2)
  10 goblins
  2 hobgoblins
  A ball python (D:1)
  4 giant newts
  10 kobolds
  8 rats
48 creatures vanquished.

Notes
Turn   | Place    | Note
--------------------------------------------------------------
     0 | D:1      | Svalin the Minotaur Fighter began the quest for the Orb.
     0 | D:1      | Reached XP level 1. HP: 19/19 MP: 0/0
    57 | D:1      | Reached skill level 3 in Maces & Flails
   123 | D:1      | Reached XP level 2. HP: 23/26 MP: 1/1
   681 | D:1      | Reached skill level 4 in Maces & Flails
  1236 | D:2      | Reached XP level 3. HP: 23/31 MP: 2/2
  1519 | D:2      | Found a blossoming altar of Fedhas.
  1526 | D:2      | Found a stormy altar of Qazlal.
  1627 | D:2      | Found an iron altar of Okawaru.
  1637 | D:2      | Became a worshipper of Warmaster Okawaru
  1702 | D:2      | Reached skill level 5 in Maces & Flails
  2071 | D:2      | Reached XP level 4. HP: 33/39 MP: 3/3
  2256 | D:2      | Noticed Robin
  2269 | D:2      | HP: 1/39 [Robin/trident of piercing (1)]
  2269 | D:2      | Slain by a goblin

Vault maps used:
D:1:      ncdulo_lavacross
D:2:      grunt_temple_overflow_forces_of_nature,
          nicolae_overflow_crystal_walls, kennysheep_generic_room_4, uniq_robin

Skill      XL: |  1  2  3 |
---------------+----------+-----
Maces & Flails | 3 4 5 |  5.5
Fighting       | |  3.6
Armour         | |  3.6
Shields        | |  3.6

Action                   |  1- 3 |  4- 6 || total
-------------------------+-------+-------++-------
Melee: Flail             |    90 |    17 ||   107
  Use: Potion            |       |     1 ||     1
  Eat: Chunk             |     4 |       ||     4
